[Event "Titled Tuesday Blitz April 25 Late 2023"]
[White "Kevlishvili, Robby"]
[Black "Womacka, Mathias"]
[WhiteFideId "1040634"]
[BlackFideId "4611390"]
[WhiteElo "2572"]
[BlackElo "2377"]
[Result "1-0"]
[Round "01"]
[TimeControl "180+2"]
[Date "2023.04.26"]
[WhiteClock "0:01:20"]
[BlackClock "0:00:47"]

1. e4 c5 2. Nf3 d6 3. d4 cxd4 4. Nxd4 Nf6 5. Nc3 a6 6. h4 e5 7. Nb3 Be7 8. Bg5 Nbd7 9. Bc4 b5 10. Bd5 Rb8 11. Bc6 O-O 12. Bxd7 Bxd7 13. Bxf6 Bxf6 14. Nd5 Be6 15. c3 Bxd5 16. Qxd5 Bxh4 17. g3 Bg5 18. Rd1 Qf6 19. Ke2 Rfd8 20. Na5 Rbc8 21. Nc6 Re8 22. a4 bxa4 23. Nb4 a3 24. bxa3 Rxc3 25. Rd3 Rxd3 26. Qxd3 a5 27. Nd5 Rb8 28. Nxf6+ 1-0


[Site "https://www.chess.com"]

[Event "Titled Tuesday Blitz April 25 Late 2023"]
[White "Estrada Nieto, Julian"]
[Black "Anton Guijarro, David"]
[WhiteFideId "5101018"]
[BlackFideId "2285525"]
[WhiteElo "2161"]
[BlackElo "2618"]
[Result "0-1"]
[Round "01"]
[TimeControl "180+2"]
[Date "2023.04.25"]
[WhiteClock "0:00:06"]
[BlackClock "0:00:06"]

1. e4 g6 2. d4 Bg7 3. Nf3 d6 4. Nc3 Nf6 5. Be2 O-O 6. O-O a6 7. a4 Nc6 8. Be3 Ng4 9. Bg5 f6 10. Bc1 e5 11. h3 Nh6 12. Be3 Nf7 13. Qd2 f5 14. dxe5 Nfxe5 15. Nxe5 Bxe5 16. Bc4+ Kh8 17. Bh6 Bg7 18. Bxg7+ Kxg7 19. exf5 Bxf5 20. Rfe1 Ne5 21. Bb3 Qh4 22. f4 Nc6 23. Nd5 Rac8 24. Qc3+ Kh6 25. g4 Bxg4 26. hxg4 Qxg4+ 27. Kh2 Rf5 28. Re3 Rh5+ 29. Rh3 Qe2+ 30. Kg1 Re8 31. Qg3 Kg7 32. Rxh5 Qxh5 33. Re1 Rxe1+ 34. Qxe1 Qg4+ 35. Kh2 Qh5+ 36. Kg3 g5 37. Qe4 Qh4+ 38. Kg2 Qg4+ 39. Kf2 Qh4+ 40. Ke3 gxf4+ 41. Qxf4 Qe1+ 42. Kf3 Ne5+ 43. Kg2 Qe2+ 44. Qf2 Qe4+ 45. Kf1 Ng4 46. Qg3 h5 47. Nc3 Qh1+ 48. Ke2 c6 49. Qf3 Qh2+ 50. Kd3 Ne5+ 51. Ke4 Nxf3 52. Kxf3 d5 53. Ne2 h4 54. Nf4 Qg3+ 0-1


[Site "https://www.chess.com"]

[Event "Titled Tuesday Blitz April 25 Late 2023"]
[White "Melkumyan, Hrant"]
[Black "Gasparyan, David"]
[WhiteFideId "13302485"]
[BlackFideId "13311980"]
[WhiteElo "2604"]
[BlackElo "2142"]
[Result "1-0"]
[Round "01"]
[TimeControl "180+2"]
[Date "2023.04.25"]
[WhiteClock "0:01:31"]
[BlackClock "0:00:24"]

1. c4 Nf6 2. Nc3 e5 3. g3 Nc6 4. Bg2 Bc5 5. e3 d6 6. Nge2 Bb6 7. a3 Bf5 8. d3 a5 9. b3 Qd7 10. h3 h5 11. Bb2 O-O 12. Ng1 Bg6 13. Nf3 e4 14. Nh4 Bh7 15. dxe4 Rfe8 16. O-O Nxe4 17. Nxe4 Bxe4 18. Qxh5 Bxg2 19. Kxg2 Ne5 20. Rad1 a4 21. Bxe5 Qc6+ 22. Qf3 Qxf3+ 23. Nxf3 dxe5 24. b4 c6 25. Rd7 Rab8 26. Rfd1 f6 27. c5 Bd8 28. Nh4 b6 29. Nf5 bxc5 30. Rxg7+ Kf8 31. bxc5 Be7 32. Rd7 Rb3 33. Rdxe7 Rxe7 34. Rxe7 Rxa3 35. Ra7 Ra1 36. h4 a3 37. h5 e4 38. h6 Kg8 39. Rg7+ Kh8 40. Nh4 1-0


[Site "https://www.chess.com"]

[Event "Titled Tuesday Blitz April 25 Late 2023"]
[White "Marczuk, Dominik"]
[Black "Kuzubov, Yuriy"]
[WhiteFideId "1111264"]
[BlackFideId "14112906"]
[WhiteElo "2174"]
[BlackElo "2496"]
[Result "1/2-1/2"]
[Round "01"]
[TimeControl "180+2"]
[Date "2023.04.25"]
[WhiteClock "0:00:07"]
[BlackClock "0:00:42"]

1. e4 c5 2. Nf3 Nc6 3. d4 cxd4 4. Nxd4 g6 5. Be3 Nf6 6. Nc3 Bg7 7. Bc4 d6 8. Bb3 Ng4 9. Nxc6 bxc6 10. Bd2 Qc7 11. h3 Ne5 12. O-O O-O 13. f4 Nd7 14. Qf3 a5 15. a3 Nc5 16. Bc4 Rb8 17. Rab1 e6 18. b4 axb4 19. axb4 Nd7 20. Bd3 c5 21. bxc5 Nxc5 22. Nb5 Qe7 23. Bc3 Bd7 24. Bxg7 Kxg7 25. c4 Ra8 26. e5 Bxb5 27. cxb5 Ra3 28. Rfd1 dxe5 29. fxe5 Rd8 30. Qf6+ Qxf6 31. exf6+ Kxf6 32. Be2 Rxd1+ 33. Bxd1 Ke7 34. b6 Ra8 35. Bf3 Rb8 36. Kf2 f5 37. g4 e5 38. gxf5 gxf5 39. Rb5 Kd6 40. Ke3 e4 41. Bh5 Kc6 42. Rb1 Rxb6 43. Rxb6+ Kxb6 44. Kf4 Ne6+ 45. Kxf5 Ng7+ 46. Kxe4 Nxh5 47. Kf5 Kc6 48. Kg5 Ng3 49. Kh6 Kd6 50. Kxh7 Ke6 51. Kg6 Nf5 52. Kg5 Nd6 53. h4 Kf7 54. h5 Kg7 55. h6+ Kh7 56. Kh5 Nf7 57. Kg4 Kxh6 1/2-1/2


[Site "https://www.chess.com"]

[Event "Titled Tuesday Blitz April 25 Late 2023"]
[White "Hansen, Eric"]
[Black "Zakarian, David"]
[WhiteFideId "2606771"]
[BlackFideId "13301276"]
[WhiteElo "2561"]
[BlackElo "2306"]
[Result "1-0"]
[Round "01"]
[TimeControl "180+2"]
[Date "2023.04.25"]
[WhiteClock "0:00:19"]
[BlackClock "0:00:22"]

1. e4 Nc6 2. Nf3 d6 3. d4 Nf6 4. d5 Nb8 5. Bd3 g6 6. h3 Bg7 7. c4 O-O 8. Nc3 a5 9. O-O c6 10. Be3 Nbd7 11. c5 Nxc5 12. Bxc5 dxc5 13. dxc6 bxc6 14. Qe2 h6 15. Na4 Nd7 16. Rac1 Rb8 17. b3 Qc7 18. Rfd1 Qa7 19. Qe3 Rd8 20. Bc4 Ba6 21. Bxa6 Qxa6 22. Rxd7 Rxd7 23. Nxc5 Qa7 24. Nxd7 Qxd7 25. Qc5 a4 26. bxa4 Rb2 27. Qc4 Qa7 28. Rc2 Rxc2 29. Qxc2 c5 30. Qc4 Qa5 31. g3 e6 32. Kg2 g5 33. Qb5 Bc3 34. Qxa5 Bxa5 35. Ne5 f5 36. exf5 exf5 37. Nc6 Bc7 38. a5 c4 39. a6 Bb6 40. Kf3 c3 41. Ke2 Bxf2 42. a7 Bxa7 43. Nxa7 f4 44. gxf4 c2 45. Kd2 gxf4 46. Nc6 f3 47. Ne7+ Kf7 48. Nd5 f2 49. Ne3 Ke6 50. Kxc2 Ke5 51. Kd3 Kf4 52. Ke2 Kg3 53. a4 Kxh3 54. a5 Kg3 55. a6 h5 56. a7 h4 57. a8=Q h3 58. Qe4 1-0


[Site "https://www.chess.com"]

[Event "Titled Tuesday Blitz April 25 Late 2023"]
[White "D`Arruda, Ricardo D."]
[Black "Zhigalko, Sergei"]
[WhiteFideId "100692"]
[BlackFideId "13502956"]
[WhiteElo "2271"]
[BlackElo "2626"]
[Result "0-1"]
[Round "01"]
[TimeControl "180+2"]
[Date "2023.04.25"]
[WhiteClock "0:00:00"]
[BlackClock "0:00:00"]

1. d4 Nf6 2. Nf3 e6 3. Nbd2 d5 4. g3 c5 5. Bg2 Nc6 6. O-O cxd4 7. Nb3 e5 8. c3 dxc3 9. bxc3 Be7 10. Bg5 O-O 11. Nfd2 h6 12. Bxf6 Bxf6 13. Nc5 Be7 14. Nd3 Be6 15. Qa4 Rc8 16. f4 e4 17. f5 Bd7 18. Nf4 Nd4 19. Qd1 Nxf5 20. Nxd5 Bc5+ 21. Kh1 Be6 22. c4 Bxd5 23. cxd5 Ne3 24. Qb3 Nxf1 25. Rxf1 f5 26. g4 Qg5 27. Nc4 fxg4 28. Qxb7 Rxf1+ 29. Bxf1 Rf8 30. Kg2 Rf2+ 0-1


[Site "https://www.chess.com"]

[Event "Titled Tuesday Blitz April 25 Late 2023"]
[White "Khandelwal, Ankush"]
[Black "Babazada, Khazar"]
[WhiteFideId "413470"]
[BlackFideId "13413554"]
[WhiteElo "2263"]
[BlackElo "2351"]
[Result "1-0"]
[Round "01"]
[TimeControl "180+2"]
[Date "2023.04.25"]
[WhiteClock "0:00:14"]
[BlackClock "0:00:29"]

1. e4 c5 2. Nf3 e6 3. d4 cxd4 4. Nxd4 a6 5. c4 Nf6 6. Nc3 d6 7. Qd3 Be7 8. Be2 Nbd7 9. f4 Qc7 10. O-O b6 11. b4 O-O 12. Be3 Bb7 13. Rac1 Rfc8 14. Rfd1 Bf8 15. a3 g6 16. Nf3 Qb8 17. h3 Ra7 18. e5 dxe5 19. fxe5 Nxe5 20. Nxe5 Qxe5 21. Bxb6 Raa8 22. Bd4 Qg5 23. Bf3 Bxf3 24. Qxf3 e5 25. Be3 Qf5 26. Qxf5 gxf5 27. c5 f4 28. Bf2 Bg7 29. Bh4 a5 30. Bxf6 Bxf6 31. Ne4 Bd8 32. b5 Be7 33. Rd7 Kf8 34. c6 a4 35. b6 Rab8 36. b7 Re8 37. Rb1 f5 38. Nd6 Bxd6 39. Rxd6 Re7 40. Rbd1 Ke8 41. Rd7 1-0


[Site "https://www.chess.com"]

[Event "Titled Tuesday Blitz April 25 Late 2023"]
[White "Bartel, Mateusz"]
[Black "Jovic, Stanoje"]
[WhiteFideId "1112635"]
[BlackFideId "905020"]
[WhiteElo "2521"]
[BlackElo "2236"]
[Result "0-1"]
[Round "01"]
[TimeControl "180+2"]
[Date "2023.04.25"]
[WhiteClock "0:00:04"]
[BlackClock "0:00:28"]

1. e4 c6 2. Nc3 d5 3. Qf3 d4 4. Nd1 e5 5. Bc4 Nf6 6. d3 Bg4 7. Qg3 Bxd1 8. Qxe5+ Be7 9. Kxd1 b5 10. Bb3 a5 11. a4 Nbd7 12. Qg3 O-O 13. Bh6 Ne8 14. Nf3 Nc5 15. axb5 Nxb3 16. cxb3 Qb6 17. bxc6 Qxb3+ 18. Ke2 f5 19. exf5 Bd6 20. Bf4 Qxb2+ 21. Nd2 Nf6 22. Rhb1 Qc2 23. Bxd6 Rfe8+ 24. Kf1 Qxd2 25. Qf3 a4 26. g4 a3 27. Rxa3 Rxa3 28. Bxa3 Qa2 29. Rb7 Qxa3 30. g5 Qc1+ 31. Kg2 Qxg5+ 32. Qg3 Qh6 33. c7 Nh5 34. Rb8 Qc6+ 35. Kh3 Nxg3 36. Rxe8+ Qxe8 37. hxg3 Qc8 38. g4 Qxc7 0-1


[Site "https://www.chess.com"]

[Event "Titled Tuesday Blitz April 25 Late 2023"]
[White "Fernandez Siles, Luis"]
[Black "Tari, Aryan"]
[WhiteFideId "2209420"]
[BlackFideId "1510045"]
[WhiteElo "2195"]
[BlackElo "2561"]
[Result "0-1"]
[Round "01"]
[TimeControl "180+2"]
[Date "2023.04.25"]
[WhiteClock "0:00:05"]
[BlackClock "0:00:54"]

1. e4 c6 2. d4 d5 3. exd5 cxd5 4. c4 Nf6 5. Nc3 g6 6. cxd5 Nxd5 7. Bc4 Nb6 8. Bb3 Bg7 9. Nf3 O-O 10. Be3 Nc6 11. d5 Na5 12. O-O Bg4 13. h3 Bxc3 14. bxc3 Nxb3 15. Bxb6 Qxb6 16. Qxb3 Bxf3 17. Qxb6 axb6 18. gxf3 Rfc8 19. Rfb1 Ra6 20. Rb3 Rc5 21. Rd1 b5 22. Rdb1 Ra5 23. Rd1 Rxa2 24. d6 exd6 25. Rxd6 Rg5+ 26. Kf1 Ra1+ 27. Ke2 Re5+ 28. Kd2 Ra2+ 29. Kd3 Rxf2 30. Kd4 Rf5 31. Rb6 R2xf3 32. Rxb7 Rxh3 33. R7xb5 Rh4+ 34. Kd3 Rf3+ 35. Ke2 Rhf4 36. R3b4 Rf2+ 37. Ke3 R4f3+ 38. Kd4 Rd2+ 39. Kc4 h5 40. Rb8+ Kg7 0-1


[Site "https://www.chess.com"]

[Event "Titled Tuesday Blitz April 25 Late 2023"]
[White "Flynn, Jacob"]
[Black "Demchenko, Anton"]
[WhiteFideId "2509393"]
[BlackFideId "4160258"]
[WhiteElo "2053"]
[BlackElo "2545"]
[Result "0-1"]
[Round "01"]
[TimeControl "180+2"]
[Date "2023.04.25"]
[WhiteClock "0:00:10"]
[BlackClock "0:00:04"]

1. d4 Nf6 2. c4 d6 3. Nf3 Nc6 4. Nc3 e5 5. e4 Bg4 6. d5 Nd4 7. Be2 Nxe2 8. Qxe2 Be7 9. O-O h6 10. Be3 O-O 11. Rac1 Nh7 12. h3 Bd7 13. Nd2 f5 14. f3 f4 15. Bf2 g5 16. b4 h5 17. c5 Nf6 18. c6 bxc6 19. dxc6 Be6 20. Rfd1 g4 21. fxg4 hxg4 22. hxg4 Nxg4 23. Nf3 Rf7 24. Nd5 Rh7 25. b5 Kf7 26. Kf1 Rh1+ 27. Bg1 Rc8 28. Ke1 Qh8 29. Kd2 Bxd5 30. exd5 Rg8 31. Kd3 Qh7+ 32. Qe4 Qxe4+ 33. Kxe4 Nf6+ 34. Kd3 e4+ 35. Kc4 exf3 36. gxf3 Ra8 37. a4 Rh3 38. Rd3 Nh7 39. a5 Ng5 40. Rf1 Bd8 41. Rb3 Rg3 42. b6 axb6 43. axb6 cxb6 44. Bxb6 Bxb6 45. Rxb6 Rc8 46. Rb7+ Kf6 47. Rd7 Nf7 48. Kb5 Rg2 49. Rb1 Rc2 50. Rb3 Rc5+ 51. Kb6 Rxd5 52. Kb7 Re8 53. c7 Rc5 54. Rb4 Ke6 55. c8=Q Rexc8 56. Rxf7 Kxf7 57. Rxf4+ Ke6 0-1


[Site "https://www.chess.com"]

[Event "Titled Tuesday Blitz April 25 Late 2023"]
[White "Donchenko, Alexander"]
[Black "ArtemDyachuk"]
[WhiteFideId "24603295"]
[WhiteElo "2542"]
[BlackElo "2440"]
[Result "1-0"]
[Round "01"]
[TimeControl "180+2"]
[Date "2023.04.26"]
[WhiteClock "0:01:50"]
[BlackClock "0:00:01"]

1. Nf3 c5 2. g3 Nc6 3. c4 g6 4. Nc3 Bg7 5. Bg2 e6 6. d4 Nxd4 7. Nxd4 cxd4 8. Ne4 d5 9. Qa4+ Kf8 10. Qa3+ Qe7 11. Nd6 Nf6 12. Bf4 Ne4 13. cxd5 exd5 14. Rc1 g5 15. Bxe4 gxf4 16. Bxd5 d3 17. O-O dxe2 18. Rfe1 1-0


[Site "https://www.chess.com"]

[Event "Titled Tuesday Blitz April 25 Late 2023"]
[White "Sliwicki, Damian"]
[Black "Fressinet, Laurent"]
[WhiteFideId "1127128"]
[BlackFideId "608742"]
[WhiteElo "2030"]
[BlackElo "2633"]
[Result "0-1"]
[Round "01"]
[TimeControl "180+2"]
[Date "2023.04.25"]
[WhiteClock "0:00:03"]
[BlackClock "0:00:25"]

1. e4 e5 2. Nf3 Nc6 3. d4 exd4 4. Bc4 Bc5 5. O-O d6 6. b4 Bb6 7. c3 Bg4 8. Bb5 Nf6 9. cxd4 O-O 10. Bxc6 bxc6 11. Nc3 a5 12. bxa5 Bxa5 13. Bd2 Bxc3 14. Bxc3 Nxe4 15. Qd3 Bf5 16. Qe3 Re8 17. Qf4 Bg6 18. Bb2 Rb8 19. Bc1 Nc3 20. Kh1 Bd3 21. Re1 Nd5 22. Qg3 Rxe1+ 23. Nxe1 Bg6 24. Nf3 Qe7 25. Bg5 Qe2 26. h4 h5 27. a4 Ra8 28. Qh3 Qe6 29. Qxe6 fxe6 30. a5 Be4 31. Bd2 Bxf3 32. gxf3 Ne7 33. Rb1 Ra7 34. Rb8+ Kf7 35. Kg2 Nf5 36. Bc3 Nxh4+ 37. Kg3 Nf5+ 38. Kf4 Nxd4 39. Bxd4 e5+ 40. Bxe5 dxe5+ 41. Kxe5 Rxa5+ 42. Kf4 Rd5 43. Rc8 Rd7 44. Kg5 g6 45. f4 c5 46. f5 gxf5 47. Kxf5 c4 48. Rh8 c3 49. Rh7+ Ke8 50. Rh8+ Ke7 51. Rh7+ Kd6 52. Rxh5 c2 53. Rh1 Kc5 54. Rc1 Rd2 55. f4 Kc4 56. Ke4 Kb3 57. f5 Rd1 58. Rxc2 Kxc2 59. f6 Rf1 60. Ke5 c5 61. Kd5 Rxf6 62. Kxc5 0-1


[Site "https://www.chess.com"]

[Event "Titled Tuesday Blitz April 25 Late 2023"]
[White "Quesada Perez, Yasser"]
[Black "Prydun, Andriy"]
[WhiteFideId "3509362"]
[BlackFideId "14145898"]
[WhiteElo "2496"]
[BlackElo "2164"]
[Result "1-0"]
[Round "01"]
[TimeControl "180+2"]
[Date "2023.04.25"]
[WhiteClock "0:00:24"]
[BlackClock "0:00:02"]

1. e4 d5 2. Nc3 dxe4 3. Nxe4 Nd7 4. Nf3 Ngf6 5. Ng3 e6 6. d4 Be7 7. Bd3 O-O 8. O-O c5 9. c3 cxd4 10. Nxd4 Nc5 11. Bc2 Bd7 12. Re1 Re8 13. h4 Qc7 14. h5 h6 15. Qf3 Rad8 16. Bf4 Qb6 17. Rab1 Nd5 18. Bd2 Bc6 19. Nxc6 Qxc6 20. Rbd1 Bf6 21. Ne4 Nxe4 22. Qxe4 Ne7 23. Qh7+ Kf8 24. Be3 Nd5 25. Bc1 Ke7 26. Qe4 Kf8 27. Rd3 Nb6 28. Qh7 Rxd3 29. Bxd3 Ke7 30. Be4 Qc7 31. Be3 Nc4 32. Bd4 Nd6 33. Bc2 Bxd4 34. cxd4 Qc4 35. Rd1 Kf6 36. Bb3 Qc6 37. Qd3 Qe4 38. Qg3 Qf5 39. Qxd6 1-0


[Site "https://www.chess.com"]

[Event "Titled Tuesday Blitz April 25 Late 2023"]
[White "Williams, John M"]
[Black "Narayanan, Srinath"]
[WhiteFideId "2046636"]
[BlackFideId "5018420"]
[WhiteElo "2089"]
[BlackElo "2438"]
[Result "0-1"]
[Round "01"]
[TimeControl "180+2"]
[Date "2023.04.25"]
[WhiteClock "0:00:07"]
[BlackClock "0:00:18"]

1. e4 c6 2. Nf3 d5 3. Nc3 dxe4 4. Nxe4 Nf6 5. Nxf6+ exf6 6. d4 Bd6 7. Be3 O-O 8. Bd3 Re8 9. c3 Nd7 10. Qc2 Nf8 11. O-O-O Be6 12. Kb1 Qa5 13. c4 b5 14. Bd2 Qa6 15. d5 cxd5 16. cxb5 Qb7 17. Nd4 Bd7 18. h4 Rec8 19. Qb3 Ne6 20. Nf5 Bf8 21. Bb4 Nc5 22. Bxc5 Rxc5 23. Nd4 Rac8 24. h5 Qc7 25. Bf5 Bxf5+ 26. Nxf5 Qf4 27. Qf3 Qc4 28. Ne3 Qxb5 29. Rxd5 Rb8 30. b3 a5 31. Rxc5 Qxc5 32. Qd5 Qc3 33. Qc4 Qd2 34. Qc2 Qd4 35. Qc4 Qe5 36. Rd1 Qxh5 37. Rd5 Qh1+ 38. Kc2 Qe1 39. Qf4 Rc8+ 40. Nc4 a4 41. Qf5 Re8 42. Rd7 Qa1 43. Qd5 Qxa2+ 44. Kc3 Qxb3+ 45. Kd2 Bb4+ 46. Kc1 Re1+ 47. Qd1 0-1


[Site "https://www.chess.com"]

[Event "Titled Tuesday Blitz April 25 Late 2023"]
[White "Bacrot, Etienne"]
[Black "Kovalevsky, Stanislav"]
[WhiteFideId "605506"]
[BlackFideId "13508598"]
[WhiteElo "2663"]
[BlackElo "2174"]
[Result "0-1"]
[Round "01"]
[TimeControl "180+2"]
[Date "2023.04.25"]
[WhiteClock "0:01:17"]
[BlackClock "0:00:11"]

1. e4 e6 2. d4 d5 3. e5 c5 4. c3 Nc6 5. Nf3 cxd4 6. cxd4 f6 7. Bf4 Qb6 8. Qd2 fxe5 9. Bxe5 Nf6 10. Bxf6 gxf6 11. Nc3 Bd7 12. Be2 Rg8 13. O-O O-O-O 14. Qf4 a6 15. Rfc1 Rg6 16. Qh4 Bh6 17. Rd1 Rdg8 18. g3 Qxb2 19. Bd3 Qxc3 20. Qh5 e5 21. Nh4 Bg5 22. Bxg6 hxg6 23. Nxg6 Be8 24. Qh7 Rxg6 25. h4 Be3 26. Qh8 Bxf2+ 27. Kf1 Kd8 28. h5 Rxg3 29. Qxf6+ Kc8 30. Kxf2 Qe3+ 31. Kf1 Rg1# 0-1


[Site "https://www.chess.com"]

[Event "Titled Tuesday Blitz April 25 Late 2023"]
[White "Kravtsiv, Martyn"]
[Black "Gonzalez Zamora, Juan Carlos"]
[WhiteFideId "14113147"]
[BlackFideId "3507548"]
[WhiteElo "2695"]
[BlackElo "2535"]
[Result "1-0"]
[Round "01"]
[TimeControl "180+2"]
[Date "2023.04.25"]
[WhiteClock "0:00:35"]
[BlackClock "0:00:02"]

1. e4 d6 2. d4 Nf6 3. Nc3 g6 4. f4 Bg7 5. Nf3 O-O 6. Be3 a6 7. a4 Ng4 8. Bg1 e5 9. dxe5 dxe5 10. Qxd8 Rxd8 11. Nd5 Nc6 12. h3 Nf6 13. O-O-O Nxd5 14. exd5 e4 15. Ng5 Ne7 16. Bc5 Nf5 17. Nxe4 b6 18. Bf2 Bb7 19. Bc4 Nd6 20. Nxd6 Rxd6 21. Rhe1 Rad8 22. Re7 R6d7 23. Rxd7 Rxd7 24. c3 h5 25. g3 Bf8 26. h4 Bd6 27. Re1 Kf8 28. Bb3 b5 29. axb5 axb5 30. Kc2 Be7 31. Rd1 Bd6 32. c4 bxc4 33. Bxc4 Re7 34. Ra1 Bc8 35. Ra8 Re8 36. Kc3 Bf5 37. Rxe8+ Kxe8 38. b4 Kd7 39. Bc5 f6 40. Bd3 Bxd3 41. Kxd3 Ke7 42. Kc4 Kd7 43. Kb5 1-0


[Site "https://www.chess.com"]

[Event "Titled Tuesday Blitz April 25 Late 2023"]
[White "Gurevich, Dmitry"]
[Black "Mekhitarian, Krikor Sevag"]
[WhiteFideId "2000407"]
[BlackFideId "2107660"]
[WhiteElo "2506"]
[BlackElo "2604"]
[Result "1-0"]
[Round "01"]
[TimeControl "180+2"]
[Date "2023.04.25"]
[WhiteClock "0:00:20"]
[BlackClock "0:00:01"]

1. d4 Nf6 2. c4 g6 3. Nc3 d5 4. Nf3 Bg7 5. cxd5 Nxd5 6. Bd2 Nb6 7. Bg5 O-O 8. e3 Nc6 9. Be2 h6 10. Bf4 Be6 11. O-O Nd5 12. Bg3 Nb6 13. Rc1 Bf5 14. d5 Nb4 15. e4 Bg4 16. a3 Na6 17. h3 Bxf3 18. Bxf3 Nc4 19. Qe2 Ne5 20. b4 Nb8 21. Qd1 Nxf3+ 22. Qxf3 a6 23. Na4 c6 24. Rfd1 Qe8 25. Nb6 Ra7 26. Bxb8 Qxb8 27. Nd7 Qc8 28. Nxf8 Kxf8 29. dxc6 bxc6 30. e5 Rc7 31. Rc5 Kg8 32. Rdc1 Kh7 33. Rxc6 Rxc6 34. Qxc6 Qf5 35. Qf3 Qe6 36. Rc6 Qa2 37. Rxa6 Qa1+ 38. Kh2 Bxe5+ 39. g3 Bf6 40. Kg2 Kg7 41. b5 Qb2 42. a4 Bd4 43. Rc6 h5 44. h4 Qb4 45. Rc7 Bf6 46. Ra7 Bd4 47. Ra6 e6 48. Ra8 Qb2 49. Rd8 Bf6 50. Rd7 Qb4 51. Qb7 Kh6 52. Rxf7 1-0


[Site "https://www.chess.com"]

[Event "Titled Tuesday Blitz April 25 Late 2023"]
[White "Samsonkin, Artiom"]
[Black "Rangel, Daniel"]
[WhiteFideId "13503111"]
[BlackFideId "2124475"]
[WhiteElo "2524"]
[BlackElo "2256"]
[Result "1-0"]
[Round "01"]
[TimeControl "180+2"]
[Date "2023.04.25"]
[WhiteClock "0:00:46"]
[BlackClock "0:00:24"]

1. e4 c5 2. Nc3 g6 3. f4 Bg7 4. Nf3 Nc6 5. Bb5 Nd4 6. O-O Nxb5 7. Nxb5 d6 8. Nc3 Nf6 9. d3 O-O 10. Qe1 b5 11. Nxb5 Qb6 12. c4 Ba6 13. Nc3 e6 14. f5 exf5 15. exf5 d5 16. b3 Nh5 17. Bb2 Rae8 18. Qf2 dxc4 19. dxc4 Bb7 20. Na4 Qc6 21. Bxg7 Nxg7 22. f6 Qxf6 23. Nxc5 Bc6 24. Nd4 Qd6 25. Nxc6 Qxc6 26. Rad1 Ne6 27. Nd7 a5 28. Nf6+ Kg7 29. Nxe8+ Qxe8 30. Qf6+ Kg8 31. Rde1 a4 32. Rxe6 fxe6 33. Qxf8+ Qxf8 34. Rxf8+ Kxf8 35. bxa4 Ke7 36. a5 Kd6 37. a6 Kc6 38. c5 g5 39. g4 h5 40. gxh5 e5 41. Kf2 Kxc5 42. a7 Kb6 43. a8=Q 1-0


[Site "https://www.chess.com"]

[Event "Titled Tuesday Blitz April 25 Late 2023"]
[White "Janik, Igor"]
[Black "Sprenar, Petr"]
[WhiteFideId "1159259"]
[BlackFideId "397164"]
[WhiteElo "2484"]
[BlackElo "2182"]
[Result "1-0"]
[Round "01"]
[TimeControl "180+2"]
[Date "2023.04.25"]
[WhiteClock "0:00:14"]
[BlackClock "0:00:02"]

1. Nf3 d5 2. b3 Nf6 3. Bb2 e6 4. e3 Be7 5. c4 O-O 6. Be2 c5 7. Qc2 Nc6 8. a3 d4 9. exd4 cxd4 10. b4 e5 11. b5 e4 12. bxc6 exf3 13. Bxf3 bxc6 14. O-O Rb8 15. d3 c5 16. Nd2 Bf5 17. Rfb1 Qc7 18. Bc1 Bd6 19. Nf1 Ng4 20. Ng3 Bxg3 21. hxg3 Ne5 22. Bf4 Nxf3+ 23. gxf3 Rxb1+ 24. Rxb1 Qc6 25. Qd1 Re8 26. g4 Bg6 27. Rb3 h5 28. Bg3 Qf6 29. Rb8 Rxb8 30. Bxb8 Qb6 31. Bf4 Qb2 32. gxh5 Bxh5 33. Bd6 Qxa3 34. Qe2 Qc1+ 35. Kh2 Qg5 36. Qe8+ Kh7 37. Qe4+ Bg6 38. Qd5 Bf5 39. Qxc5 Qh5+ 40. Kg3 Qh3+ 41. Kf4 Kg6 42. Qxd4 Qh6+ 43. Ke5 f6+ 44. Kd5 Qh1 45. Qe3 a5 46. d4 Qb1 47. Qe8+ Kh6 48. Qb5 Qd3 49. Kc5 Qxf3 50. Qxa5 Qxf2 51. Qc3 g5 52. Kb5 1-0


[Site "https://www.chess.com"]

[Event "Titled Tuesday Blitz April 25 Late 2023"]
[White "Rottenwohrer Suarez, Juan"]
[Black "Smirnov, Pavel"]
[WhiteFideId "32068182"]
[BlackFideId "4123425"]
[WhiteElo "2174"]
[BlackElo "2519"]
[Result "0-1"]
[Round "01"]
[TimeControl "180+2"]
[Date "2023.04.25"]
[WhiteClock "0:00:04"]
[BlackClock "0:01:35"]

1. c4 e6 2. d4 Nf6 3. Nc3 Bb4 4. Qc2 O-O 5. Nf3 d5 6. cxd5 exd5 7. Bg5 c5 8. dxc5 h6 9. Bxf6 Qxf6 10. e3 Be6 11. Be2 Nd7 12. O-O Bxc3 13. bxc3 Nxc5 14. Nd4 Rac8 15. Rac1 b6 16. Rfd1 Ne4 17. Bf3 Nxc3 18. Re1 Nb5 19. Qa4 Nxd4 20. exd4 a5 21. h3 g6 22. Rc6 Rxc6 23. Qxc6 Qxd4 24. Rd1 Qc4 25. Bxd5 Qxc6 26. Bxc6 Bxa2 27. Ra1 Bc4 28. Rb1 b5 0-1


[Site "https://www.chess.com"]

[Event "Titled Tuesday Blitz April 25 Late 2023"]
[White "Meduri, Aakaash"]
[Black "Ghazarian, Kirk"]
[WhiteFideId "2032252"]
[BlackFideId "30908604"]
[WhiteElo "2113"]
[BlackElo "2346"]
[Result "1/2-1/2"]
[Round "01"]
[TimeControl "180+2"]
[Date "2023.04.25"]
[WhiteClock "0:00:25"]
[BlackClock "0:00:04"]

1. d4 Nf6 2. Bf4 c5 3. e3 Nd5 4. Bg3 Qb6 5. b3 cxd4 6. exd4 g6 7. Nf3 Bh6 8. Bc4 Nf4 9. O-O O-O 10. Re1 Qd8 11. Nc3 d6 12. Bxf4 Bxf4 13. Nd5 e5 14. Nxf4 exf4 15. Qd2 Qf6 16. Bd5 Nc6 17. c3 Ne7 18. Be4 Rb8 19. h3 Be6 20. Re2 g5 21. Rae1 Ng6 22. Qc2 Kg7 23. d5 Bd7 24. Nd4 Rfe8 25. Bf5 Rxe2 26. Rxe2 Bxf5 27. Nxf5+ Kf8 28. c4 Re8 29. Rxe8+ Kxe8 30. Qe4+ Kd7 31. Nd4 Qe5 32. Qf5+ Qxf5 33. Nxf5 Ne5 34. Kf1 Nd3 35. a3 a5 36. Nd4 Ke7 37. Ke2 Nc5 38. f3 Kf6 39. Kd2 Ke5 40. Kc3 a4 41. b4 Nd7 42. Nb5 h5 43. Kd3 g4 44. Nc3 gxh3 45. gxh3 Nf6 46. Nxa4 Nh7 47. h4 Nf8 48. Nc3 Ng6 49. Ne4 Nxh4 50. Ng5 Kf6 51. Ne4+ Ke5 52. Ng5 Kf6 53. Ne4+ Ke5 1/2-1/2


[Site "https://www.chess.com"]

[Event "Titled Tuesday Blitz April 25 Late 2023"]
[White "Hambleton, Aman"]
[Black "Federzoni, Enzo"]
[WhiteFideId "2606577"]
[BlackFideId "2173301"]
[WhiteElo "2511"]
[BlackElo "2039"]
[Result "1-0"]
[Round "01"]
[TimeControl "180+2"]
[Date "2023.04.25"]
[WhiteClock "0:00:08"]
[BlackClock "0:00:23"]

1. d4 Nf6 2. c4 e6 3. Nc3 Bb4 4. e3 c5 5. Ne2 cxd4 6. exd4 d5 7. a3 Be7 8. cxd5 Nxd5 9. Nxd5 Qxd5 10. Nc3 Qd8 11. Be2 O-O 12. O-O Bf6 13. Be3 a6 14. Bf3 Nc6 15. Bxc6 bxc6 16. Ne4 Be7 17. Qc2 Rb8 18. Rfd1 Qd5 19. Rac1 Qb3 20. Qxb3 Rxb3 21. Rd2 Bd7 22. Bg5 Bxg5 23. Nxg5 Rfb8 24. Rcc2 h6 25. Ne4 Kf8 26. Nc5 Ke7 27. Nxb3 Rxb3 28. Rc3 Rxc3 29. bxc3 Kd6 30. Rb2 Bc8 31. Kf1 Kc7 32. Ke2 Bb7 33. Ke3 a5 34. g3 Ba6 35. h4 Bc4 36. Rb1 a4 37. Rb4 Bb3 38. c4 e5 39. dxe5 c5 40. Rb5 Kc6 41. Ra5 Bxc4 42. Rxa4 Kb5 43. Ra7 Bd5 44. Rd7 Be6 45. Rd6 c4 46. Kd4 Bf5 47. Kc3 g6 48. f3 Be6 49. g4 h5 50. gxh5 gxh5 51. f4 Bf5 52. Rf6 Be6 53. f5 Bd5 54. e6 fxe6 55. fxe6 Bc6 56. e7 Be8 57. Rf8 Bd7 58. Rd8 Be8 59. Rxe8 1-0


[Site "https://www.chess.com"]